 Dungeon Crawl Stone Soup version 0.20-a0-201-g851c6fa (webtiles) character file.

10 Gorice the Gusty (level 2, -1/17 HPs)
             Began as a High Elf Air Elementalist on Nov 24, 2016.
             Slain by a jackal (3 damage)
             ... on level 1 of the Dungeon.
             The game lasted 00:01:45 (131 turns).

Gorice the Gusty (High Elf Air Elementalist)         Turns: 131, Time: 00:01:46

Health: -1/17      AC:  2    Str:  7    XL:     2   Next: 10%
Magic:  1/6        EV: 13    Int: 18    God:
Gold:   11         SH:  0    Dex: 15    Spells: 5/6 levels left

rFire  . . .     SeeInvis .     (no weapon)
rCold  . . .     Gourm    .     a - +0 robe
rNeg   . . .     Faith    .     (no shield)
rPois  .         Spirit   .     (no helmet)
rElec  .         Reflect  .     (no cloak)
rCorr  .         Harm     .     (no gloves)
MR     .....                    (no boots)
Stlth  ++........               (no amulet)
                                (no ring)
                                (no ring)

@: very slightly contaminated
A: no striking features
a: no special abilities


You were on level 1 of the Dungeon.
You were not hungry.

You visited 1 branch of the dungeon, and saw 1 of its levels.

You collected 11 gold pieces.

Inventory:

Armour
 a - a +0 robe (worn)
Books
 b - a book of Air
Comestibles
 c - a bread ration {!e}


   Skills:
 - Level 2.1 Dodging
 - Level 2.1 Stealth
 + Level 2.8 Spellcasting
 * Level 2.0 Conjurations
 - Level 3.6 Air Magic


You had 5 spell levels left.
You knew the following spells:

 Your Spells              Type           Power        Failure   Level  Hunger
a - Shock                 Conj/Air       ##..         6%          1    None


Dungeon Overview and Level Annotations

Branches:
Dungeon (1/15)

Altars:


Message History

Casting: Shock
Confirm with . or Enter, or press ? or * to list all spells.
Aiming: Shock
Press: ? - help, Shift-Dir - straight line, f - bat
Aim: a bat You miscast Shock.
You are very lightly contaminated with residual magic.
You feel electric! The bat closely misses you.
The jackal bites you but does no damage.
The bat closely misses you. The jackal bites you.
* * * LOW HITPOINT WARNING * * *
The bat misses you.
Damage: 1 (max 5)
You closely miss the bat. The bat hits you but does no damage.
The jackal completely misses you. The bat barely misses you.
The bat hits you but does no damage. The jackal closely misses you.
The bat completely misses you. The bat completely misses you.
The bat hits you but does no damage. The bat completely misses you.
The bat closely misses you. The bat closely misses you. The bat misses you.
You see here a jackal corpse.
The bat misses you. The bat hits you but does no damage. The bat hits you.
* * * LOW HITPOINT WARNING * * *
Damage: 1 (max 5)
Casting: Shock
Confirm with . or Enter, or press ? or * to list all spells.
Aiming: Shock
Press: ? - help, Shift-Dir - straight line, f/p - bat
Aim: a bat The zap hits the bat.
You kill the bat!
The zap hits the jackal.
The jackal is severely wounded.
The jackal closely misses you.
You hit the jackal but do no damage.
The jackal is severely wounded.
The jackal closely misses you.
You barely miss the jackal.
The jackal is severely wounded.
The jackal bites you.
* * * LOW HITPOINT WARNING * * *
Damage: 3 (max 5)
The jackal completely misses you. The jackal bites you.
You die...

#...........
#######.#.....##
#..............#
#†#####.###.##.# #.#
#.##...# #.#
#.###h## #.# #.# #.#
### #.#####.#
#h###.... #.h@....#
#......## ##'#####.#
#........ #≈..♣♣
#.###†.......
#≈...♣♣#.#.†.....#.#
#≈≈...♣#.#.#.##### .
#≈≈...♣#.#%#.#
#≈≈≈...#.#.#.#
#≈≈≈≈..#.#h#.#
#≈PP≈..# #h#.#


You could see a jackal.

Vanquished Creatures
  A dart slug (D:1)
  A bat (D:1)
  A giant cockroach (D:1)
  3 jackals (D:1)
  A rat (D:1)
7 creatures vanquished.

Notes
Turn   | Place    | Note
-------+----------+-------------------------------------------
     0 | D:1      | Gorice the High Elf Air Elementalist began the quest for the Orb.
     0 | D:1      | Reached XP level 1. HP: 11/11 MP: 4/4
   102 | D:1      | Reached skill level 2 in Conjurations
   102 | D:1      | Reached XP level 2. HP: 6/17 MP: 0/6
   114 | D:1      | HP: 5/17 [jackal (1)]
   125 | D:1      | HP: 5/17 [bat (1)]
   128 | D:1      | HP: 2/17 [jackal (3)]
   131 | D:1      | Slain by a jackal

Vault maps used:
D:1:      tarquinn_simple_flora_water_c, serial_forest,
          infiniplex_forest_clump_long, infiniplex_forest_end_double,
          infiniplex_forest_lined_room_3, infiniplex_forest_end_double,
          minmay_hexomino_r4

Skill      XL: |  1 |
---------------+----+-----
Conjurations   | 2 |  2.0
Dodging        | |  2.1
Stealth        | |  2.1
Spellcasting   | |  2.8
Air Magic      | |  3.6

Action                   || total
-------------------------++-------
Melee: Unarmed           ||     6
 Cast: Shock             ||    10
Armor: Robe              ||    10
Dodge: Dodged            ||    39

Table legend:
 A = Turns spent in this place as a percentage of turns spent in the entire game.
 B = Non-inter-level travel turns spent in this place as a percentage of non-inter-level travel turns spent in the entire game.
 C = Inter-level travel turns spent in this place as a percentage of turns spent in this place.
 D = Turns resting spent in this place as a percentage of non-inter-level travel turns spent in this place.
 E = Turns spent auto-exploring this place as a percentage of non-inter-level travel turns spent in this place.
 F = Non-inter-level travel turns spent in this place divided by the number of levels of this place that you've seen.
                   A       B       C       D       E      F
               +-------+-------+-------+-------+-------+----------------------
         Total | 100.0 | 100.0 |   0.0 |   0.0 |   1.8 | 111.0
       Dungeon | 100.0 | 100.0 |   0.0 |   0.0 |   1.8 | 111.0
               +-------+-------+-------+-------+-------+----------------------

Vault maps used:
D:1:      tarquinn_simple_flora_water_c, serial_forest,
          infiniplex_forest_clump_long, infiniplex_forest_end_double,
          infiniplex_forest_lined_room_3, infiniplex_forest_end_double,
          minmay_hexomino_r4
